 Dungeon Crawl Stone Soup version 0.25-a0-510-ge065f6de7d (webtiles) character file.

Game seed: 11679543603992760993, levelgen mode: deterministic

131558 DunjonMajik the Fetichist (level 17, -4/105 HPs)
             Began as an Octopode Fighter on Feb 15, 2020.
             Was an Elder of Hepliaklqana.
             Slain by a 27-headed hydra zombie (9 damage)
             ... on level 4 of the Swamp.
             The game lasted 02:01:06 (39016 turns).

DunjonMajik the Fetichist (Octopode Fighter)       Turns: 39016, Time: 02:01:07

Health: -4/105     AC:  2    Str: 34    XL:     17   Next: 10%
Magic:  29/29      EV: 24    Int: 18    God:    Hepliaklqana [****..]
Gold:   1290       SH: 15    Dex: 16    Spells: 2/16 levels left

rFire    + + .     SeeInvis .   Y - +10 trident of Symmetry {vorpal, MR+ Int+4}
rCold    . . .     Gourm    .   q - +0 kite shield of Raomud {rPois rF- Dex+6}
rNeg     + . .     Faith    .   H - +1 hat "Wixal" {Str+4 Slay+3}
rPois    +         Spirit   .   N - amulet of Geiluj {Harm *Drain rN+ Str+5 Dex-3}
rElec    .         Reflect  .   r - ring of protection from magic
rCorr    .         Harm     +   s - ring of protection from fire
MR       ++++.                  A - ring of protection from magic
Stlth    ++........             e - ring of protection from fire
HPRegen  0.27/turn              E - +3 ring of strength
MPRegen  0.21/turn              c - +5 ring of strength
                                U - ring of protection from fire
                                X - +2 ring of evasion

@: no status effects
A: almost no armour, stealthy swim, amphibious, 8 rings, constrict 8, reduced
essence, camouflage 1, gelatinous body 1
a: Recall Ancestor, Ancestor Identity, Transference, Idealise, Renounce Religion


You were on level 4 of the Swamp.
You worshipped Hepliaklqana.
Hepliaklqana was greatly pleased with you.
You were not hungry.

You visited 4 branches of the dungeon, and saw 27 of its levels.
You also visited: Trove and Gauntlet.

You collected 5187 gold pieces.
You spent 3897 gold pieces at shops.

Inventory:

Hand Weapons
 Y - the +10 trident of Symmetry (weapon) {vorpal, MR+ Int+4}
   (You found it on level 6 of the Lair of Beasts)

   It inflicts extra damage upon your enemies.
   It affects your intelligence (+4).
   It affects your resistance to hostile enchantments.
Missiles
 g - 5 silver boomerangs (quivered)
Armour
 q - the +0 kite shield of Raomud (worn) {rPois rF- Dex+6}
   (You bought it in a shop on level 2 of the Orcish Mines)

   It affects your dexterity (+6).
   It makes you vulnerable to fire.
   It protects you from poison.
 H - the +1 hat "Wixal" (worn) {Str+4 Slay+3}
   (You found it in a Gauntlet)

   It affects your strength (+4).
   It affects your accuracy and damage with ranged weapons and melee attacks
   (+3).
   If you remove this armour, your AC will decrease by 1 (2 -> 1).
Jewellery
 c - a +5 ring of strength (on tentacle)
 e - a ring of protection from fire (on tentacle)
 r - a ring of protection from magic (left tentacle)
 s - a ring of protection from fire (right tentacle)
 A - a ring of protection from magic (on tentacle)
 E - a +3 ring of strength (on tentacle)
 N - the amulet of Geiluj (around mantle) {Harm *Drain rN+ Str+5 Dex-3}
   (You bought it in a shop on level 7 of the Dungeon)

   [amulet of harm]

   It increases damage dealt and taken.
   It affects your strength (+5).
   It affects your dexterity (-3).
   It protects you from negative energy.
   It causes draining when unequipped.
 U - a ring of protection from fire (on tentacle)
 X - a +2 ring of evasion (on tentacle)
Wands
 b - a wand of disintegration (41)
 k - a wand of iceblast (28)
 m - a wand of paralysis (11)
 w - a wand of acid (14)
 B - a wand of polymorph (50)
 D - a wand of enslavement (7)
 K - a wand of digging (6)
 W - a wand of clouds (10)
Scrolls
 h - 4 scrolls of magic mapping
 j - 5 scrolls of blinking
 l - 3 scrolls of remove curse
 n - 10 scrolls of teleportation
 o - a scroll of fear
 v - 2 scrolls of enchant weapon
 y - 4 scrolls of identify
 P - 3 scrolls of fog
 Q - 3 scrolls of summoning
Potions
 f - 5 potions of flight
 p - 4 potions of agility
 F - 11 potions of curing
 L - a potion of cancellation
 O - 2 potions of resistance
 R - 2 potions of haste
 V - a potion of heal wounds
Miscellaneous
 a - a phial of floods
 i - a tremorstone
 t - a lamp of fire
 z - a lightning rod (4/4)
 M - a fan of gales
 S - 2 phantom mirrors
 Z - 2 boxes of beasts
Comestibles
 d - 36 rations


   Skills:
 + Level 10.9 Fighting
 - Level 14.0 Polearms
 - Level 12.0 Dodging
 - Level 15.0 Shields
 - Level 9.0 Translocations
 - Level 6.1 Invocations
 - Level 16.0 Evocations


You had 2 spell levels left.
You knew the following spells:

 Your Spells              Type           Power        Failure   Level  Hunger
a - Blink                 Tloc           N/A          1%          2    ###....
b - Shroud of Golubria    Chrm/Tloc      ###...       5%          2    ###....
c - Passage of Golubria   Tloc           N/A          5%          4    #####..
d - Teleport Other        Tloc           ####....     1%          3    ####...
e - Lesser Beckoning      Tloc           ####......   1%          3    ####...

Your spell library contained the following spells:

 Spells                   Type           Power        Failure   Level  Hunger
 Gell's Gravitas          Tloc           ####......   1%          3    ####...
 Bolt of Magma            Conj/Fire/Erth #.........   99%         5    ######.
 Iskenderun's Battlesphe  Conj/Chrm      #.......     99%         5    ######.
 Iron Shot                Conj/Erth      #.........   100%        6    #######
 Orb of Destruction       Conj           #.........   100%        7    #######
 Spellforged Servitor     Conj/Summ      #.........   100%        7    #######


Dungeon Overview and Level Annotations

Branches:
Dungeon (15/15)            Temple (0/1) D:6            Lair (6/6) D:10
  Swamp (4/4) Lair:4       Spider (0/4) Lair:4        Slime (0/5) Lair:5
    Orc (2/2) D:10            Elf (0/3) Orc:2        Vaults (0/5) D:14
 Depths (0/5) D:15        Gauntlet (visited)

Altars:
Ashenzari
Cheibriados
Dithmenos
Elyvilon
Fedhas
Gozag
Hepliaklqana
Kikubaaqudgha
Nemelex Xobeh
Okawaru
Ru
Uskayaw
Vehumet
Yredelemnul
The Shining One
Beogh
Jiyva

Shops:
D:7 =   D:8 [}!   Orc:2 ?(*[


Innate Abilities, Weirdness & Mutations

You cannot wear most types of armour.
You are very stealthy in the water. (Stealth+)
You are amphibious.
You can wear up to eight rings at the same time.
You can use your tentacles to constrict eight enemies at once.
Your skin changes colour to match your surroundings (Stealth+).
Your rubbery body absorbs attacks. (AC +1, EV +1)
Your life essence is reduced to manifest your ancestor. (-10% HP)


Message History

Press: ? - help, Shift-Dir - straight line, f - 27-headed hydra zombie
Aim: a 27-headed hydra zombie (water, moderately damaged, chance to defeat MR: 66%)
The 27-headed hydra zombie resists with significant effort.
The 27-headed hydra zombie bites you.
The 27-headed hydra zombie closely misses you.
The 27-headed hydra zombie bites you!
You block the 27-headed hydra zombie's attack. x2
The 27-headed hydra zombie completely misses you.
The 27-headed hydra zombie bites you! x2
The 27-headed hydra zombie misses you. The 27-headed hydra zombie bites you.
The 27-headed hydra zombie bites you!
* * * LOW HITPOINT WARNING * * *
You block the 27-headed hydra zombie's attack.
The 27-headed hydra zombie misses you. The 27-headed hydra zombie bites you!
* * * LOW HITPOINT WARNING * * *
The 27-headed hydra zombie bites you!
* * * LOW HITPOINT WARNING * * *
You block the 27-headed hydra zombie's attack.
The 27-headed hydra zombie bites you!
You die...

# Z≈ ≈ ##≈≈≈≈≈≈≈.♣ ##
♣.. ≈♣ #♣.≈≈.≈≈≈≈.♣♣
.#♣ ♣..♣≈≈
##≈≈≈≈..≈≈...♣ .≈#
♣[≈♣≈ ##.§≈≈≈..≈♣≈≈♣♣
♣♣♣ ♣≈≈k
♣..≈≈≈≈..§≈.§≈♣ ##V.
##≈≈≈≈..≈≈..≈♣♣♣
♣♣#.[§##♣≈≈≈≈.♣♣♣♣≈♣♣♣
♣≈≈..§≈≈.≈≈Z≈≈...♣♣♣
♣..≈..≈.≈.Z≈Z@..≈♣♣
....§.♣♣♣♣♣♣♣.≈♣♣♣
...≈≈♣ ♣♣♣♣ ..... ♣♣♣≈
♣


You could see a four-headed hydra simulacrum, a death drake zombie and a
27-headed hydra zombie.

Vanquished Creatures
  3 thorn hunters
  A reaper (Gauntlet)
  A minotaur (Gauntlet)
  Fannar (D:10)
  9 hydras
  Erolcha (Orc:1)
  A ghost crab (Swamp:3)
  4 centaur warriors
  2 catoblepae
  10 alligators
  2 dancing weapons (D:14)
  An ogre mage (D:15)
  A tengu warrior (D:13)
  11 two-headed ogres
  4 death yaks (Lair:5)
  A shambling mangrove (Swamp:2)
  Sonja (Lair:5)
  Urug (Orc:2)
  3 skeletal warriors
  A fire crab (shapeshifter) (Gauntlet)
  A glowing orange brain (shapeshifter) (Gauntlet)
  An unseen horror (D:14)
  2 spriggan druids
  5 swamp dragons
  A wizard (D:15)
  A spectral hydra (Swamp:4)
  An orb spider (shapeshifter) (D:14)
  An orc knight (D:10)
  8 orc sorcerers
  An oklob plant (D:10)
  12 ugly things
  A cyclops (D:14)
  3 manticores
  2 deep elf magi
  A centaur zombie (D:13)
  14 elephants
  A naga mage (D:15)
  A black mamba (Lair:2)
  14 spiny frogs
  Maggie (D:9)
  An efreet (D:15)
  6 komodo dragons
  A freezing wraith (Swamp:4)
  A hellwing (Gauntlet)
  3 meliai (D:15)
  6 polar bears
  2 trolls
  10 tyrant leeches
  14 hornets
  9 bog bodies
  12 slime creatures
  A dream sheep (Lair:6)
  19 blink frogs
  4 hippogriffs
  2 meliai zombies
  A centaur simulacrum (D:15)
  14 spriggans
  2 wraiths
  A vampire (D:14)
  A hog (shapeshifter) (Gauntlet)
  2 wyverns
  22 yaks
  3 shadows
  3 hogs (D:7)
  3 chaos spawn (Gauntlet)
  A human (D:7)
  3 fire bats (Orc:1)
  A neqoxec (Gauntlet)
  3 basilisks
  A steam dragon (D:13)
  2 hungry ghosts (D:15)
  20 vampire mosquitoes
  15 swamp worms
  18 insubstantial wisps
  8 wargs
  4 acid dragons
  6 porcupines
  17 water moccasins
  19 orc warriors
  12 ogres
  4 swamp drakes
  3 phantoms
  2 sky beasts
  2 ice beasts
  7 black bears
  A swamp dragon zombie (Swamp:4)
  2 boggarts (Lair:6)
  16 centaurs
  23 wolves
  2 eyes of draining (D:12)
  8 crocodiles
  2 big kobolds
  20 bullfrogs
  6 scorpions
  A wyvern skeleton (D:15)
  3 killer bees (D:12)
  5 electric eels
  3 howler monkeys
  8 crimson imps
  A bullfrog zombie (D:12)
  2 jellies
  14 orc priests
  29 orc wizards
  Crazy Yiuf (D:5)
  2 bullfrog skeletons
  3 centaur skeletons
  11 hounds
  3 hexers
  An iguana (D:13)
  9 worker ants
  A killer bee zombie (D:7)
  A hound zombie (D:8)
  A hound skeleton (D:11)
  3 worker ant zombies
  Robin (D:4)
  9 adders
  A howler monkey skeleton (D:4)
  3 gnolls (Orc:2)
  4 shadow imps
  2 oozes
  2 adder skeletons
  A worm (D:3)
  2 dart slugs
  2 leopard geckos
  93 orcs
  2 ball pythons
  12 bats
  5 giant cockroaches
  19 goblins
  11 hobgoblins
  5 jackals
  6 quokkas
  5 frilled lizards
  21 kobolds
  A quokka skeleton (D:4)
  10 rats
  2 briar patches (Swamp:4)
  3 plants
826 creatures vanquished.

Vanquished Creatures (collateral kills)
  4 hydras
  An ogre mage (D:15)
  A death yak (Lair:5)
  An unseen horror (shapeshifter) (D:15)
  A skeletal warrior (D:11)
  3 swamp dragons
  An ugly thing (Swamp:3)
  3 orc sorcerers (Orc:2)
  A spiny frog (Lair:3)
  A centaur skeleton (D:13)
  2 rime drakes
  A tyrant leech (Swamp:1)
  2 hornets (Swamp:3)
  A hippogriff (Lair:1)
  A slime creature (Swamp:1)
  A blink frog (Swamp:2)
  5 spriggans
  A wyvern (D:10)
  2 yaks
  A hog (D:7)
  A vampire mosquito (Swamp:2)
  2 swamp worms (Swamp:2)
  An insubstantial wisp (Swamp:3)
  2 wargs (Orc:2)
  2 water moccasins (Lair:3)
  An orc warrior (D:9)
  A porcupine (Lair:2)
  An ice beast (D:5)
  A black bear (D:5)
  An ogre (D:8)
  A phantom (D:6)
  2 wolves
  A boggart (Lair:6)
  3 centaurs
  A big kobold (D:13)
  A bullfrog (Lair:2)
  A crimson imp (D:9)
  6 orc priests
  11 orc wizards
  A worker ant (D:8)
  A shadow imp (D:6)
  22 orcs
  2 kobolds
  A plant (Lair:5)
101 creatures vanquished.

Vanquished Creatures (others)
  A hydra (Swamp:2)
  An ugly thing (Swamp:3)
  A killer bee (D:12)
  2 orc wizards (Orc:2)
  34 hexers
  7 ancestors
  An orc (Orc:2)
  A briar patch (Swamp:4)
  5 fungi
  20 plants
73 creatures vanquished.

Grand Total: 1000 creatures vanquished

Notes
Turn   | Place    | Note
-------+----------+-------------------------------------------
     0 | D:1      | DunjonMajik the Octopode Fighter began the quest for the
                  | Orb.
     0 | D:1      | Reached XP level 1. HP: 16/16 MP: 1/1
    92 | D:1      | Reached XP level 2. HP: 20/21 MP: 2/2
   482 | D:1      | Reached XP level 3. HP: 25/26 MP: 3/3
   902 | D:2      | Found a sacrificial altar of Ru.
   908 | D:2      | Reached XP level 4. HP: 21/31 MP: 4/4
   935 | D:2      | Found an opulent altar of Gozag.
  1587 | D:3      | Reached skill level 5 in Polearms
  1589 | D:3      | Reached XP level 5. HP: 25/36 MP: 5/5
  1619 | D:3      | You fall into a shaft and drop 2 floors!
  1619 | D:5      | Entered Level 5 of the Dungeon
  1626 | D:4      | Found a snail-covered altar of Cheibriados.
  1662 | D:4      | Found a glowing golden altar of the Shining One.
  1662 | D:4      | Noticed a black bear
  1669 | D:4      | Killed a black bear
  1874 | D:3      | Reached XP level 6. HP: 42/42 MP: 6/6
  2016 | D:3      | Noticed a sky beast
  2035 | D:3      | Killed a sky beast
  2511 | D:4      | Noticed Robin
  2532 | D:4      | Killed Robin
  2814 | D:4      | Reached XP level 7. HP: 41/46 MP: 7/7
  3325 | D:4      | Found a hazy altar of Hepliaklqana.
  3330 | D:4      | Became a worshipper of Hepliaklqana the Forgotten
  3464 | D:5      | Found a basalt altar of Yredelemnul.
  3786 | D:5      | Found a radiant altar of Vehumet.
  3894 | D:5      | Reached skill level 5 in Shields
  3940 | D:5      | Found a runed translucent door.
  3941 | D:5      | Noticed Crazy Yiuf
  4204 | D:5      | Killed Crazy Yiuf
  4529 | D:6      | Reached XP level 8. HP: 46/46 MP: 8/8
  4546 | D:6      | Found a hide-covered altar of Uskayaw.
  4548 | D:6      | Found an ancient bone altar of Kikubaaqudgha.
  4947 | D:6      | Found an iron altar of Okawaru.
  5393 | D:6      | Found a staircase to the Ecumenical Temple.
  6550 | D:7      | Reached * piety under Hepliaklqana
  6558 | D:7      | Reached XP level 9. HP: 44/50 MP: 9/9
  6610 | D:7      | Found a shattered altar of Ashenzari.
  6720 | D:7      | Reached skill level 5 in Fighting
  6961 | D:7      | Found a white marble altar of Elyvilon.
  7496 | D:7      | Found Sokk's Jewellery Emporium.
  7787 | D:8      | Found a shadowy altar of Dithmenos.
  8104 | D:8      | Found Koenep's Gadget Emporium.
  8114 | D:8      | Found Pilyo's Armour Emporium.
  8211 | D:8      | Found Goug's Distillery.
  8232 | D:8      | Reached ** piety under Hepliaklqana
  8309 | D:8      | Reached XP level 10. HP: 63/63 MP: 10/10
  9023 | D:8      | Remembered your ancestor Bobik as a hexer
  9315 | D:9      | Noticed Maggie
  9329 | D:9      | Killed Maggie
  9329 | D:9      | Reached skill level 10 in Polearms
  9527 | D:9      | Found a sparkling altar of Nemelex Xobeh.
 10090 | D:9      | Found a blossoming altar of Fedhas.
 10199 | D:10     | Entered Level 10 of the Dungeon
 10226 | D:10     | Found a staircase to the Lair.
 10233 | D:10     | Noticed an oklob plant
 10388 | D:10     | Reached *** piety under Hepliaklqana
 10649 | D:10     | Found a staircase to the Orcish Mines.
 11129 | D:10     | Reached skill level 5 in Dodging
 11386 | D:11     | Noticed a seven-headed hydra
 11466 | D:10     | Killed an oklob plant
 11466 | D:10     | Reached XP level 11. HP: 67/67 MP: 11/11
 11505 | Lair:1   | Entered Level 1 of the Lair of Beasts
 13564 | Lair:2   | Reached skill level 10 in Shields
 13848 | Lair:2   | Noticed a four-headed hydra
 13859 | Lair:2   | Killed a four-headed hydra
 13859 | Lair:2   | Reached XP level 12. HP: 63/72 MP: 12/12
 13902 | Lair:2   | Reached **** piety under Hepliaklqana
 14029 | Orc:1    | Entered Level 1 of the Orcish Mines
 14029 | Orc:1    | Noticed Fannar
 14042 | Orc:1    | Reached skill level 1 in Evocations
 14261 | D:10     | Reached skill level 2 in Evocations
 14271 | D:10     | Killed Fannar
 14271 | D:10     | Reached skill level 3 in Evocations
 14620 | D:10     | Reached skill level 4 in Evocations
 14895 | Orc:1    | Reached skill level 5 in Evocations
 14904 | Orc:1    | Noticed Erolcha
 14928 | Orc:1    | Killed Erolcha
 15834 | Orc:2    | Entered Level 2 of the Orcish Mines
 16270 | Orc:2    | Reached skill level 5 in Invocations
 16402 | Orc:2    | Found a staircase to the Elven Halls.
 17204 | Orc:1    | Reached skill level 6 in Evocations
 17702 | Orc:2    | Reached skill level 7 in Evocations
 18143 | Orc:2    | Reached skill level 8 in Evocations
 18151 | Orc:2    | Found Enka's Assorted Antiques.
 18151 | Orc:2    | Found Relahias's Armour Emporium.
 18167 | Orc:2    | Bought a scroll of identify for 46 gold pieces
 18167 | Orc:2    | Bought a scroll labeled CEFITHRU NIHOA for 23 gold pieces
 18167 | Orc:2    | Bought a scroll of identify for 46 gold pieces
 18167 | Orc:2    | Bought a glowing green potion for 20 gold pieces
 18167 | Orc:2    | Bought a scroll labeled HANURE CAKKEHA for 23 gold pieces
 18188 | Orc:2    | Found a roughly hewn altar of Beogh.
 18222 | Orc:2    | Noticed Urug
 18241 | Orc:2    | Killed Urug
 18241 | Orc:2    | Reached XP level 13. HP: 44/77 MP: 17/19
 18790 | Orc:2    | Found Inigeq's Magic Scroll Boutique.
 18790 | Orc:2    | Found Ulodo's Weapon Emporium.
 18825 | Orc:2    | Bought a scroll of blinking for 82 gold pieces
 18825 | Orc:2    | Bought a scroll of fog for 22 gold pieces
 18825 | Orc:2    | Bought a scroll of remove curse for 33 gold pieces
 19744 | Lair:3   | Reached ***** piety under Hepliaklqana
 20573 | Orc:2    | Bought the cursed +0 kite shield of Raomud {rPois rF-
                  | Dex+6} for 274 gold pieces
 20680 | D:7      | Bought the amulet of Geiluj {Harm *Drain rN+ Str+5 Dex-3}
                  | for 726 gold pieces
 20924 | Lair:3   | Identified a scroll of acquirement
 21058 | D:7      | Bought a +5 ring of strength for 659 gold pieces
 21177 | Orc:2    | Bought 3 scrolls of teleportation for 99 gold pieces
 21177 | Orc:2    | Bought 2 scrolls of identify for 44 gold pieces
 21177 | Orc:2    | Bought a scroll of identify for 22 gold pieces
 21177 | Orc:2    | Bought a scroll of fear for 38 gold pieces
 21217 | Orc:2    | Bought a potion of heal wounds for 115 gold pieces
 21217 | Orc:2    | Bought a phantom mirror for 690 gold pieces
 21298 | D:8      | Bought a potion of agility for 56 gold pieces
 21298 | D:8      | Bought a potion of curing for 42 gold pieces
 21298 | D:8      | Bought a potion of curing for 42 gold pieces
 21562 | Lair:4   | Found a staircase to the Swamp.
 21939 | Lair:4   | Found a hole to the Spider Nest.
 22495 | Lair:5   | Noticed Sonja
 23119 | Lair:5   | Killed Sonja
 23278 | Lair:5   | Reached ****** piety under Hepliaklqana
 23613 | Lair:6   | Entered Level 6 of the Lair of Beasts
 23965 | Lair:6   | Reached XP level 14. HP: 75/82 MP: 20/20
 25024 | Lair:6   | Got a warped trident
 25025 | Lair:6   | Identified the +10 trident of Symmetry {vorpal, MR+ Int+4}
                  | (You found it on level 6 of the Lair of Beasts)
 25514 | Lair:5   | Found a viscous altar of Jiyva.
 25514 | Lair:5   | Found a staircase to the Slime Pits.
 25527 | Lair:5   | Reached skill level 15 in Shields
 25755 | D:8      | Bought a wand of clouds (5) for 405 gold pieces
 26206 | D:11     | Found a portal to a secret trove of treasure.
 26231 | Trove    | Entered a treasure trove
 28039 | D:12     | Found a gate leading to a gauntlet.
 28058 | Gauntlet | Entered a Gauntlet
 28058 | Gauntlet | Found a transporter.
 28076 | Gauntlet | Found a transporter.
 28090 | Gauntlet | Found a transporter.
 28095 | Gauntlet | Found a transporter.
 28110 | Gauntlet | Found a transporter.
 28129 | Gauntlet | Found a transporter.
 28133 | Gauntlet | Noticed a reaper
 28141 | Gauntlet | Found a transporter.
 28156 | Gauntlet | Found a transporter.
 28158 | Gauntlet | Found a transporter.
 28180 | Gauntlet | Found a transporter.
 28188 | Gauntlet | Noticed a cacodemon
 28189 | Gauntlet | Found a transporter.
 28202 | Gauntlet | Found a transporter.
 28202 | Gauntlet | Found a transporter.
 28204 | Gauntlet | Found a transporter.
 28325 | Gauntlet | Found a transporter.
 28371 | Gauntlet | Found a transporter.
 28389 | Gauntlet | Found a large runed translucent door.
 28389 | Gauntlet | Found a large runed translucent door.
 28390 | Gauntlet | Found a large runed translucent door.
 28390 | Gauntlet | Found a large runed translucent door.
 28390 | Gauntlet | Found a runed translucent door.
 28391 | Gauntlet | Found a transporter.
 28391 | Gauntlet | Found a large runed translucent door.
 28392 | Gauntlet | Found a runed translucent door.
 28393 | Gauntlet | Found a large runed translucent door.
 28393 | Gauntlet | Found a large runed translucent door.
 28393 | Gauntlet | Found a large runed translucent door.
 28394 | Gauntlet | Found a large runed translucent door.
 28395 | Gauntlet | Found a large runed translucent door.
 28401 | Gauntlet | Found a large runed translucent door.
 28401 | Gauntlet | Found a large runed translucent door.
 28402 | Gauntlet | Found a large runed translucent door.
 28402 | Gauntlet | Found a large runed translucent door.
 28402 | Gauntlet | Found a large runed translucent door.
 28404 | Gauntlet | Found a runed translucent gate.
 28404 | Gauntlet | Found a runed translucent gate.
 28404 | Gauntlet | Found a runed translucent gate.
 28406 | Gauntlet | Found a transporter.
 28417 | Gauntlet | Found a large runed translucent door.
 28734 | Gauntlet | Killed a reaper
 28734 | Gauntlet | Reached skill level 9 in Evocations
 28742 | Gauntlet | Got a faintly glowing hat
 28790 | Gauntlet | Identified the +1 hat "Wixal" {Str+4 Slay+3} (You found it
                  | in a Gauntlet)
 28942 | Gauntlet | Identified the cursed +1 war axe "Xacuat" {vamp, MR+ Dex+3}
 28950 | Gauntlet | Reached skill level 10 in Evocations
 29450 | D:12     | Reached skill level 11 in Evocations
 29685 | D:13     | Reached XP level 15. HP: 87/87 MP: 23/23
 29816 | D:13     | Reached skill level 12 in Evocations
 30177 | D:13     | Reached skill level 13 in Evocations
 30197 | D:13     | Learned a level 2 spell: Blink
 30200 | D:13     | Learned a level 2 spell: Shroud of Golubria
 30205 | D:13     | Learned a level 4 spell: Passage of Golubria
 30209 | D:13     | Learned a level 3 spell: Teleport Other
 30213 | D:13     | Learned a level 3 spell: Lesser Beckoning
 30490 | D:14     | Reached skill level 14 in Evocations
 30934 | D:14     | Found a gate to the Vaults.
 31080 | D:14     | Reached skill level 15 in Evocations
 31395 | D:8      | Bought a wand of acid (9) for 390 gold pieces
 31603 | D:15     | Entered Level 15 of the Dungeon
 31996 | D:15     | Reached skill level 16 in Evocations
 32674 | D:15     | Found a staircase to the Depths.
 33476 | D:15     | Reached skill level 10 in Fighting
 33773 | Swamp:1  | Entered Level 1 of the Swamp
 33843 | Swamp:1  | Reached XP level 16. HP: 98/98 MP: 28/28
 34334 | Swamp:1  | Reached skill level 1 in Translocations
 34747 | Swamp:2  | Reached skill level 5 in Translocations
 35470 | Swamp:2  | Noticed a thorn hunter
 35481 | Swamp:2  | Killed a thorn hunter
 36381 | Swamp:3  | Identified the amulet "Rockepos" {+Rage Dex+5} (You
                  | acquired it on level 3 of the Swamp)
 37026 | Swamp:3  | Reached skill level 10 in Dodging
 37548 | Swamp:4  | Entered Level 4 of the Swamp
 38172 | Swamp:4  | Noticed a thorn hunter
 38183 | Swamp:4  | Killed a thorn hunter
 38505 | Swamp:4  | Noticed a thorn hunter
 38519 | Swamp:4  | Killed a thorn hunter
 38956 | Swamp:4  | Reached XP level 17. HP: 104/104 MP: 29/29
 39016 | Swamp:4  | HP: 5/105 [27-headed hydra zombie (9)]
 39016 | Swamp:4  | Slain by a 27-headed hydra zombie

Levels and vault maps discovered:
D:1:      lemuel_arrival_muddy, layout_loops_ring,
          chequers_serial_rivers_micro_a
D:2:      layout_basic, overflow_temple_1_default,
          nicolae_ru_great_annihilating_truth
D:3:      layout_loops_cross, eino_curves_01, dk_noncrumbling_2,
          minmay_goblin_outpost
D:4:      layout_loops_ring, lemuel_round_altar, marbit_many_paths,
          serial_aquarium, aquarium_bridge_square [aquarium_subvault_bridge,
          aquarium_subvault_bridge, aquarium_subvault_wall,
          aquarium_subvault_window], aquarium_window_1, aquarium_window_1,
          aquarium_view_2f, cheibriados_altar_1, uniq_robin
D:5:      black_bear_nest_2, layout_rooms, nicolae_overflow_hidden_temple,
          lemuel_coloured_pillars_altar, first_ration, uniq_crazy_yiuf_cottage
D:6:      layout_basic, okawaru_trees_2, minmay_temple_entry_junction,
          basic_altar, lemuel_altar_in_water
D:7:      layout_cave_pools, elyvilon_altar_1, serial_shops, shop,
          grunt_livestock, nicolae_ashenzari_panopticon
D:8:      layout_basic, grunt_dithmenos_smoke, serial_shops,
          nicolae_shop_waterfront, nicolae_shop_trees, shop,
          minmay_fractal_squares_gapless_5
D:9:      layout_cave_pods, fedhas_altar_fruit_tree,
          nicolae_overflow_crystal_walls, uniq_maggie
D:10:     layout_basic, dpeg_oklobed_lair, david_orc_2
D:11:     layout_layer_cave, serial_bayou, serial_bayou_ford_a,
          serial_bayou_crossing, serial_bayou_pond_d, serial_bayou_pond_e,
          serial_bayou_shore_b, serial_bayou_pond_d,
          nicolae_trove_entry_free_sample
D:12:     layout_roguey, gauntlet_entry_generic, grunt_tough_drop
D:13:     layout_long_grid
D:14:     layout_rooms, erik_vaults_1, kennysheep_pointless_box
D:15:     grunt_enter_depths_magical_seal, layout_irregular_city,
          nrook_mini_vaults, lightli_fourway_metalbox
Lair:1:   layout_small_grid, chequers_serial_rivers_micro_b
Lair:2:   layout_hall_layers, beast_lair_carwin_7, grunt_megastairs_3
Lair:3:   layout_gridlike, serial_bayou_shore_b
Lair:4:   layout_regular_city, minmay_swamp_entry_worms,
          spider_nest_entry_web_field, st_stairs_7
Lair:5:   layout_gridlike, dpeg_slime_entry_enclosed_altar, uniq_sonja
Lair:6:   minmay_lair_end_enchanted_forest, layout_cave_pods,
          eino_small_chamber_without_monster, fungi_pond_lemuel,
          lemuel_fruit_fields
Swamp:1:  layout_basic_swamp, hangedman_swamp_ruin_wall, swamp_pool1
Swamp:2:  layout_basic_swamp, evilmike_swamp_ruin_house_1, swamp_pool4
Swamp:3:  layout_basic_swamp, evilmike_swamp_ruin_house_2, swamp_pool4,
          infiniplex_staircase_pool
Swamp:4:  byrel_swamp_growth_death_and_undeath, layout_basic_swamp
Orc:1:    layout_caves, nicolae_volcano_entry_batcave, uniq_fannar, uniq_erolcha
Orc:2:    st_orc_town, layout_caves, uniq_urug

Skill      XL: |  1  2  3  4  5  6  7  8  9 10 11 12 13 14 15 16 17 |
---------------+----------------------------------------------------+-----
Polearms       | 3 4 5 6 7 8 11 12 14 | 14.0
Shields        | 6 9 11 13 15 | 15.0
Fighting       | 7 10 | 10.9
Dodging        | 5 7 9 11 12 | 12.0
Evocations     | 8 11 16 | 16.0
Invocations    | 6 |  6.1
Translocations | 9 |  9.0

Action                   |  1- 3 |  4- 6 |  7- 9 | 10-12 | 13-15 | 16-18 || total
-------------------------+-------+-------+-------+-------+-------+-------++-------
Melee: Trident           |    85 |   145 |   284 |   897 |   491 |   359 ||  2261
       Tentacles         |     9 |    23 |    56 |   163 |   188 |    80 ||   519
       Constrict         |    17 |    27 |    41 |   125 |    86 |    32 ||   328
       Demon trident     |       |       |       |       |   406 |       ||   406
Invok: Ancestor Identity |       |       |     2 |       |       |       ||     2
       Recall Ancestor   |       |       |     3 |     8 |     3 |     3 ||    17
       Ancestor Life: He |       |       |       |     1 |       |       ||     1
Evoke: Wand              |       |       |     5 |     8 |    10 |    12 ||    35
       Lamp of fire      |       |       |       |       |     1 |     1 ||     2
  Use: Potion            |       |     1 |     1 |    10 |     6 |     1 ||    19
       Scroll            |       |       |    11 |     9 |    13 |     6 ||    39
 Stab: Sleeping          |     8 |     9 |     5 |    14 |    15 |     7 ||    58
       Invisible         |       |     2 |       |       |     1 |       ||     3
       Paralysed         |       |     1 |    11 |     7 |     3 |    13 ||    35
       Distracted        |       |     1 |     3 |     6 |     6 |     4 ||    20
       Confused          |       |       |       |    13 |    13 |     6 ||    32
  Eat: Chunk             |       |     6 |    17 |    26 |    40 |     9 ||    98
       Ration            |       |       |       |     2 |     3 |     2 ||     7
Armor: Skin              |     7 |     6 |     8 |     8 |     8 |     2 ||    39
Dodge: Dodged            |    15 |    49 |    80 |   232 |   169 |   120 ||   665
Block: Kite shield       |    24 |    26 |    95 |   274 |   214 |   111 ||   744

Table legend:
 A = Non-vault XP
 B = Vault XP
 C = Vault XP percentage of total XP
 D = Non-vault monster count
 E = Vault monster count
 F = Vault count percentage of total count
                 A         B        C        D         E       F
            +---------+---------+-------+---------+---------+-------
      Total |  141778 |   46163 |  24.6 |     709 |     213 |  23.1
            +---------+---------+-------+---------+---------+-------
        D:1 |      38 |       0 |   0.0 |      24 |       0 |   0.0
        D:2 |      33 |      49 |  59.8 |      17 |       4 |  19.0
        D:3 |     231 |       9 |   3.8 |      29 |       5 |  14.7
        D:4 |     261 |      40 |  13.3 |      15 |      14 |  48.3
        D:5 |     260 |     164 |  38.7 |       6 |       2 |  25.0
        D:6 |    1025 |       0 |   0.0 |      22 |       0 |   0.0
        D:7 |     914 |     969 |  51.5 |      25 |       5 |  16.7
        D:8 |    1476 |     359 |  19.6 |      32 |       4 |  11.1
        D:9 |     804 |     376 |  31.9 |      17 |       1 |   5.6
       D:10 |    4061 |    1504 |  27.0 |      26 |       8 |  23.5
       D:11 |    4647 |       0 |   0.0 |      18 |       0 |   0.0
       D:12 |    4908 |    1399 |  22.2 |      33 |       5 |  13.2
       D:13 |    6523 |       0 |   0.0 |      31 |       0 |   0.0
       D:14 |    9392 |    1808 |  16.1 |      26 |       2 |   7.1
       D:15 |   14160 |    9298 |  39.6 |      38 |      16 |  29.6
     Lair:1 |    3310 |     659 |  16.6 |      13 |       2 |  13.3
     Lair:2 |    8031 |     966 |  10.7 |      28 |       6 |  17.6
     Lair:3 |    3836 |       0 |   0.0 |      17 |       0 |   0.0
     Lair:4 |    2547 |     269 |   9.6 |      10 |       2 |  16.7
     Lair:5 |    9223 |     820 |   8.2 |      27 |       1 |   3.6
     Lair:6 |    4994 |    8284 |  62.4 |      18 |      44 |  71.0
    Swamp:1 |    6515 |       0 |   0.0 |      25 |       0 |   0.0
    Swamp:2 |   18885 |       0 |   0.0 |      44 |       0 |   0.0
    Swamp:3 |   14670 |       0 |   0.0 |      47 |       0 |   0.0
    Swamp:4 |   14894 |    6059 |  28.9 |      33 |      12 |  26.7
      Orc:1 |    2034 |    2115 |  51.0 |      35 |       6 |  14.6
      Orc:2 |    4106 |    5543 |  57.4 |      53 |      62 |  53.9
   Gauntlet |       0 |    5473 | 100.0 |       0 |      12 | 100.0
            +---------+---------+-------+---------+---------+-------
